 Dungeon Crawl Stone Soup version 0.24-a0-284-g9fb9971df1 (webtiles) character file.

Game seed: 8153819692271998445

23 HAL9000 the Vexing (level 3, -2/16 HPs)
             Began as a Vine Stalker Enchanter on May 4, 2019.
             Slain by a worm (6 damage)
             ... on level 1 of the Dungeon.
             The game lasted 00:01:01 (869 turns).

HAL9000 the Vexing (Vine Stalker Enchanter)          Turns: 869, Time: 00:01:01

Health: -2/16      AC:  2    Str: 11    XL:     3   Next: 0%
Magic:  0/7        EV: 12    Int: 15    God:
Gold:   81         SH:  0    Dex: 14    Spells: 3/6 levels left

rFire    . . .     SeeInvis .   a - +1 dagger
rCold    . . .     Gourm    .   (no shield)
rNeg     . . .     Faith    .   b - +0 robe
rPois    .         Spirit   +   (no helmet)
rElec    .         Reflect  .   (no cloak)
rCorr    .         Harm     .   (no gloves)
MR       .....                  (no boots)
Stlth    ++........             (no amulet)
HPRegen  0.05/turn              (no ring)
MPRegen  0.10/turn              (no ring)

@: no status effects
A: fangs 2, magic shield, antimagic bite, no potion heal 3, rot immunity
a: no special abilities


You were on level 1 of the Dungeon.
You were not hungry.

You visited 1 branch of the dungeon, and saw 2 of its levels.

You collected 81 gold pieces.

Inventory:

Hand Weapons
 a - a +1 dagger (weapon)
Armour
 b - a +0 robe (worn)
Scrolls
 c - a scroll of remove curse {unknown}
 e - a scroll of amnesia {unknown}
 f - a scroll of identify {unknown}
 i - a scroll of random uselessness {unknown}
 j - a scroll of magic mapping {unknown}
Potions
 g - a potion of curing
 h - a potion of magic {unknown}
Comestibles
 d - a ration


   Skills:
 + Level 1.1 Short Blades
 - Level 1.5 Dodging
 - Level 3.6 Stealth
 - Level 2.1 Spellcasting
 + Level 4.0 Hexes


You had 3 spell levels left.
You knew the following spells:

 Your Spells              Type           Power        Failure   Level  Hunger
a - Corona                Hex            ##.....      4%          1    #......
b - Ensorcelled Hibernat  Hex/Ice        #.....       14%         2    ###....

Your spell library contained the following spells:

 Spells                   Type           Power        Failure   Level  Hunger
 Confuse                  Hex            ##......     13%         3    ###....
 Tukima's Dance           Hex            ##......     13%         3    ###....
 Dazzling Spray           Conj/Hex       #.....       28%         3    ###....


Dungeon Overview and Level Annotations

Branches:
Dungeon (2/15)

Altars:


Innate Abilities, Weirdness & Mutations

You have extremely sharp teeth.
When hurt, damage is shared between your health and your magic reserves.
Your bite disrupts and absorbs the magic of your enemies.
Potions cannot restore your health.
You are immune to rotting.


Message History

There are monsters nearby!
Unknown command.
The kobold hits you but does no damage. The goblin barely misses you.
You climb upwards.
There is a stone staircase leading down here.
Unknown command.
You closely miss the goblin. You bite the goblin. You drain its power.
The goblin is heavily wounded.
The kobold hits you with a +0 dagger. The goblin hits you with a +0 dagger.
The worm bites you!
* * * LOW HITPOINT WARNING * * *
You hit the goblin. You bite the goblin.
You kill the goblin!
Your Hexes skill increases to level 4!
You have reached level 3!
Your experience leads to an increase in your attributes!
Increase (S)trength, (I)ntelligence, or (D)exterity?
You feel stronger. The kobold closely misses you. The worm bites you!
You die...

....##.#'#..##)#
....##......##.##
....####.#.###..#
...†.....#..###.##
.........#..# #..#
.........#..####.#########
.........#.......(.......#
....########.###.#######.#
###...######..##@# #.#
#....+........w># #(#
#....#######..K## #.#
#....# ##### #.# #....#
#.# #....# #.# #....# #.#
#....# #.# #.#### #.#


You could see a worm and a kobold.

Vanquished Creatures
  An adder (D:1)
  An orc (D:1)
  2 giant cockroaches (D:1)
  A goblin (D:1)
  2 hobgoblins (D:1)
  A kobold (D:1)
  2 bats (D:1)
  2 frilled lizards (D:1)
  A rat (D:1)
13 creatures vanquished.

Notes
Turn   | Place    | Note
-------+----------+-------------------------------------------
     0 | D:1      | HAL9000 the Vine Stalker Enchanter began the quest for the
                  | Orb.
     0 | D:1      | Reached XP level 1. HP: 9/9 MP: 4/4
   305 | D:1      | Reached XP level 2. HP: 13/13 MP: 6/6
   314 | D:1      | Reached skill level 1 in Short Blades
   318 | D:1      | Learned a level 2 spell: Ensorcelled Hibernation
   868 | D:1      | Reached skill level 4 in Hexes
   868 | D:1      | Reached XP level 3. HP: 4/16 MP: 1/7
   869 | D:1      | Slain by a worm

Levels and vault maps discovered:
D:1:      shiori_shiawase, layout_basic
D:2:      layout_basic, lightli_temple_of_fire, first_ration,
          minmay_splitting_lines, uniq_natasha, uniq_terence

Skill      XL: |  1  2 |
---------------+-------+-----
Short Blades   | 1 |  1.1
Hexes          | 4 |  4.0
Dodging        | |  1.5
Stealth        | |  3.6
Spellcasting   | |  2.1

Action                   || total
-------------------------++-------
Melee: Dagger            ||    36
       Bite              ||    10
 Cast: Corona            ||     3
       Ensorcelled Hiber ||     2
  Use: Potion            ||     1
 Stab: Sleeping          ||     3
Armor: Robe              ||     6
Dodge: Dodged            ||    31

Table legend:
 A = Non-vault XP
 B = Vault XP
 C = Vault XP percentage of total XP
 D = Non-vault monster count
 E = Vault monster count
 F = Vault count percentage of total count
                 A         B        C        D         E       F
            +---------+---------+-------+---------+---------+-------
      Total |      34 |       0 |   0.0 |      13 |       0 |   0.0
            +---------+---------+-------+---------+---------+-------
        D:1 |      34 |       0 |   0.0 |      13 |       0 |   0.0
            +---------+---------+-------+---------+---------+-------
